3170 views
Uploaded 2020-02-15 17:01:06
Game version 1.32 / 1.32.1
16:52 long 4on4 ladder game on (8)Battleground_LV
Saved by iggythefisk
3170 views
Uploaded 2020-02-15 17:01:06
Game version 1.32 / 1.32.1
16:52 long 4on4 ladder game on (8)Battleground_LV


133 units @ 17.6k
/ 1.8k
66 buildings @ 7.5k
/ 2.8k


| Scroll of Healing | 2 | 500 |
| Scroll of Town Portal | 2 | 700 |
| Potion of Lesser Invulnerability | 1 | 150 |
| total: | 5 | 1350g |
| Wisp | 24 | 1440 | / | 0 |
| Archer | 8 | 1040 | / | 80 |
| Glaive Thrower | 4 | 840 | / | 260 |
| Hippogryph | 8 | 1280 | / | 160 |
| Druid of the Talon | 3 | 435 | / | 60 |
| Chimaera | 3 | 990 | / | 210 |
| total: | 50 | 6025g | / | 770w |
| Ancient Protector | 1 | 135 | / | 80 |
| Altar of Elders | 1 | 180 | / | 50 |
| Moon Well | 5 | 900 | / | 200 |
| Ancient of War | 1 | 150 | / | 60 |
| Hunter's Hall | 1 | 210 | / | 100 |
| Tree of Life | 1 | 340 | / | 185 |
| Ancient of Wonders | 1 | 90 | / | 30 |
| Ancient of Wind | 1 | 150 | / | 140 |
| Chimaera Roost | 1 | 140 | / | 190 |
| Tree of Ages | 1 | 320 | / | 180 |
| Tree of Eternity | 1 | 330 | / | 200 |
| total: | 13 | 2295g | / | 1035w |
| 0:03 | Wisp |
| 0:03 | Wisp |
| 0:07 | Altar of Elders |
| 0:18 | Moon Well |
| 0:26 | Wisp |
| 0:45 | Wisp |
| 0:47 | Ancient of War |
| 0:54 | Wisp |
| 0:54 | Wisp |
| 1:16 | Wisp |
| 1:28 | Wisp |
| 1:50 | Moon Well |
| 1:51 | Archer |
| 1:53 | Wisp |
| 2:16 | Force of Nature |
| 3:05 | Tree of Ages |
| 3:06 | Archer |
| 3:08 | Moon Well |
| 3:24 | Archer |
| 3:25 | Archer |
| 3:40 | Hunter's Hall |
| 4:04 | Moon Well |
| 4:47 | Ancient Protector |
| 5:47 | Ancient of Wind |
| 5:49 | Tree of Eternity |
| 6:05 | Glaive Thrower |
| 6:06 | Glaive Thrower |
| 6:48 | Thorns Aura |
| 7:12 | Glaive Thrower |
| 7:20 | Tree of Life |
| 8:07 | Glaive Thrower |
| 8:12 | Vorpal Blades |
| 8:15 | Hippogryph |
| 8:15 | Hippogryph |
| 8:15 | Hippogryph |
| 8:15 | Hippogryph |
| 8:46 | Entangling Roots |
| 9:11 | Wisp |
| 9:11 | Wisp |
| 9:11 | Wisp |
| 10:09 | Archer |
| 10:10 | Druid of the Talon |
| 10:10 | Druid of the Talon |
| 10:12 | Wisp |
| 10:13 | Wisp |
| 10:51 | Wisp |
| 10:51 | Wisp |
| 10:51 | Wisp |
| 10:51 | Wisp |
| 10:51 | Wisp |
| 10:59 | Chimaera Roost |
| 11:11 | Ancient of Wonders |
| 11:28 | Archer |
| 11:28 | Archer |
| 11:28 | Archer |
| 11:30 | Druid of the Talon |
| 11:30 | Hippogryph |
| 11:30 | Hippogryph |
| 12:25 | Chimaera |
| 12:30 | Wisp |
| 12:30 | Wisp |
| 12:48 | Entangling Roots |
| 13:25 | Hippogryph |
| 13:25 | Hippogryph |
| 13:32 | Corrosive Breath |
| 13:36 | Moon Well |
| 13:56 | Potion of Lesser Invulnerability |
| 13:56 | Scroll of Healing |
| 14:09 | Scroll of Healing |
| 14:10 | Scroll of Town Portal |
| 14:37 | Entangling Roots |
| 15:38 | Healing Spray |
| 15:40 | Chimaera |
| 15:40 | Chimaera |
| 15:43 | Wisp |
| 15:44 | Wisp |
| 15:47 | Wisp |
| 16:02 | Scroll of Town Portal |
| Right click | 656 |
| Select | 326 |
| Build/train/purchase | 82 |
| Use ability | 28 |
| Minimap ping | 8 |
| Chat | 7 |
| Assign group | 3 |
| Item give/drop | 3 |
| Remove unit | 3 |
| Misc. action | 2 |
| Select group | 2 |


| Peasant | 10 | 750 | / | 0 |
| Footman | 4 | 540 | / | 0 |
| Rifleman | 9 | 1845 | / | 270 |
| Priest | 4 | 540 | / | 40 |
| total: | 27 | 3675g | / | 310w |
| Scout Tower | 1 | 30 | / | 20 |
| Arcane Tower | 1 | 70 | / | 50 |
| Altar of Kings | 1 | 180 | / | 50 |
| Farm | 9 | 720 | / | 180 |
| Barracks | 1 | 160 | / | 60 |
| Arcane Vault | 3 | 390 | / | 90 |
| Blacksmith | 1 | 140 | / | 60 |
| Arcane Sanctum | 1 | 150 | / | 140 |
| Workshop | 1 | 140 | / | 140 |
| Keep | 1 | 320 | / | 210 |
| Castle | 1 | 360 | / | 210 |
| total: | 18 | 1910g | / | 740w |
| 0:02 | Peasant |
| 0:02 | Peasant |
| 0:17 | Altar of Kings |
| 0:19 | Farm |
| 0:26 | Peasant |
| 0:34 | Farm |
| 0:37 | Barracks |
| 0:42 | Peasant |
| 0:52 | Peasant |
| 1:09 | Peasant |
| 1:28 | Peasant |
| 1:37 | Farm |
| 1:40 | Footman |
| 1:42 | Footman |
| 1:48 | Peasant |
| 2:01 | Arcane Vault |
| 2:31 | Footman |
| 2:33 | Peasant |
| 2:33 | Peasant |
| 2:37 | Blacksmith |
| 2:44 | Summon Water Elemental |
| 3:02 | Footman |
| 3:16 | Arcane Vault |
| 3:40 | Keep |
| 4:00 | Arcane Vault |
| 4:35 | Rifleman |
| 4:37 | Black Gunpowder |
| 4:39 | Scout Tower |
| 5:08 | Rifleman |
| 5:37 | Rifleman |
| 5:49 | Rifleman |
| 6:06 | Farm |
| 6:07 | Farm |
| 6:08 | Farm |
| 6:34 | Arcane Tower |
| 6:47 | Brilliance Aura |
| 7:11 | Rifleman |
| 7:11 | Long Rifles |
| 7:23 | Arcane Sanctum |
| 7:40 | Rifleman |
| 8:26 | Rifleman |
| 8:41 | Summon Water Elemental |
| 8:51 | Priest |
| 9:05 | Storm Bolt |
| 9:23 | Priest |
| 9:25 | Farm |
| 10:13 | Rifleman |
| 10:13 | Rifleman |
| 10:14 | Priest |
| 10:14 | Priest |
| 11:00 | Castle |
| 11:06 | Farm |
| 11:07 | Farm |
| 12:06 | Workshop |
| Right click | 672 |
| Select group | 286 |
| Select | 173 |
| Build/train/purchase | 54 |
| Assign group | 32 |
| Chat | 32 |
| Use ability | 6 |
| Minimap ping | 1 |

| Scroll of Regeneration | 1 | 100 |
| Lesser Clarity Potion | 1 | 70 |
| total: | 2 | 170g |
| Peasant | 7 | 525 | / | 0 |
| Footman | 5 | 675 | / | 0 |
| total: | 12 | 1200g | / | 0w |
| Scout Tower | 3 | 90 | / | 60 |
| Arcane Tower | 1 | 70 | / | 50 |
| Altar of Kings | 1 | 180 | / | 50 |
| Farm | 4 | 320 | / | 80 |
| Barracks | 1 | 160 | / | 60 |
| Arcane Vault | 1 | 130 | / | 30 |
| Lumber Mill | 1 | 120 | / | 0 |
| Keep | 1 | 320 | / | 210 |
| total: | 11 | 1000g | / | 280w |
| 0:18 | Peasant |
| 0:18 | Peasant |
| 0:25 | Altar of Kings |
| 0:28 | Farm |
| 0:35 | Peasant |
| 0:54 | Barracks |
| 1:01 | Peasant |
| 1:13 | Scout Tower |
| 1:15 | Peasant |
| 1:38 | Peasant |
| 1:56 | Arcane Tower |
| 1:57 | Footman |
| 2:10 | Farm |
| 2:14 | Arcane Vault |
| 2:30 | Summon Water Elemental |
| 2:52 | Farm |
| 2:56 | Peasant |
| 3:12 | Footman |
| 3:13 | Footman |
| 3:48 | Footman |
| 3:50 | Keep |
| 3:54 | Scout Tower |
| 3:57 | Scout Tower |
| 4:02 | Lumber Mill |
| 4:11 | Scroll of Regeneration |
| 4:12 | Lesser Clarity Potion |
| 4:24 | Footman |
| 4:28 | Farm |
| Right click | 216 |
| Chat | 79 |
| Select | 77 |
| Build/train/purchase | 24 |
| Select group | 10 |
| Assign group | 7 |
| Misc. action | 6 |


| Peasant | 15 | 1125 | / | 0 |
| Footman | 5 | 675 | / | 0 |
| Rifleman | 24 | 4920 | / | 720 |
| total: | 44 | 6720g | / | 720w |
| Scout Tower | 4 | 120 | / | 80 |
| Arcane Tower | 4 | 280 | / | 200 |
| Altar of Kings | 1 | 180 | / | 50 |
| Farm | 15 | 1200 | / | 300 |
| Barracks | 1 | 160 | / | 60 |
| Blacksmith | 1 | 140 | / | 60 |
| Arcane Vault | 1 | 130 | / | 30 |
| Town Hall | 1 | 385 | / | 205 |
| Keep | 1 | 320 | / | 210 |
| total: | 24 | 2315g | / | 785w |
| 0:03 | Peasant |
| 0:04 | Peasant |
| 0:04 | Peasant |
| 0:04 | Peasant |
| 0:05 | Peasant |
| 0:12 | Altar of Kings |
| 0:20 | Farm |
| 0:42 | Barracks |
| 0:58 | Farm |
| 1:04 | Peasant |
| 1:26 | Peasant |
| 1:43 | Blacksmith |
| 1:48 | Footman |
| 2:06 | Footman |
| 2:15 | Summon Water Elemental |
| 2:16 | Footman |
| 2:28 | Farm |
| 2:48 | Footman |
| 3:10 | Peasant |
| 3:10 | Peasant |
| 3:15 | Iron Forged Swords |
| 3:19 | Scout Tower |
| 3:30 | Rifleman |
| 4:14 | Farm |
| 4:18 | Scout Tower |
| 4:20 | Arcane Tower |
| 4:49 | Scout Tower |
| 4:51 | Arcane Tower |
| 5:13 | Farm |
| 5:16 | Keep |
| 5:19 | Black Gunpowder |
| 5:35 | Farm |
| 5:37 | Arcane Tower |
| 5:39 | Iron Plating |
| 5:55 | Rifleman |
| 5:56 | Rifleman |
| 5:56 | Rifleman |
| 6:00 | Farm |
| 6:08 | Scout Tower |
| 6:37 | Rifleman |
| 6:58 | Blizzard |
| 7:03 | Rifleman |
| 7:05 | Studded Leather Armor |
| 7:12 | Arcane Vault |
| 7:24 | Footman |
| 7:41 | Arcane Tower |
| 8:12 | Rifleman |
| 8:12 | Rifleman |
| 8:41 | Rifleman |
| 8:41 | Rifleman |
| 9:30 | Refined Gunpowder |
| 9:40 | Town Hall |
| 10:27 | Farm |
| 10:28 | Farm |
| 10:29 | Farm |
| 10:30 | Farm |
| 10:35 | Farm |
| 10:44 | Rifleman |
| 11:04 | Rifleman |
| 11:54 | Rifleman |
| 11:55 | Rifleman |
| 11:55 | Rifleman |
| 12:13 | Farm |
| 12:19 | Peasant |
| 12:19 | Peasant |
| 13:21 | Rifleman |
| 13:21 | Rifleman |
| 13:21 | Rifleman |
| 13:27 | Storm Bolt |
| 13:31 | Rifleman |
| 13:34 | Peasant |
| 13:34 | Peasant |
| 13:42 | Reinforced Leather Armor |
| 13:48 | Farm |
| 14:09 | Steel Plating |
| 14:58 | Farm |
| 15:48 | Rifleman |
| 15:48 | Rifleman |
| 15:48 | Rifleman |
| 15:48 | Rifleman |
| 15:48 | Rifleman |
| 16:00 | Peasant |
| 16:01 | Peasant |
| Right click | 877 |
| Select | 281 |
| Build/train/purchase | 76 |
| Select group | 47 |
| Assign group | 7 |
| Use ability | 7 |
| Esc | 1 |
86 units @ 7.5k
/ 0.4k
184 buildings @ 12.7k
/ 6.8k


| Staff of Sanctuary | 2 | 500 |
| Staff of Teleportation | 2 | 300 |
| Boots of Speed | 2 | 500 |
| Periapt of Vitality | 1 | 325 |
| Healing Salve | 1 | 100 |
| total: | 8 | 1725g |
| Peasant | 24 | 1800 | / | 0 |
| Priest | 1 | 135 | / | 10 |
| total: | 25 | 1935g | / | 10w |
| Scout Tower | 49 | 1470 | / | 980 |
| Arcane Tower | 1 | 70 | / | 50 |
| Guard Tower | 23 | 1610 | / | 1150 |
| Altar of Kings | 1 | 180 | / | 50 |
| Farm | 3 | 240 | / | 60 |
| Lumber Mill | 1 | 120 | / | 0 |
| Town Hall | 2 | 770 | / | 410 |
| Arcane Vault | 1 | 130 | / | 30 |
| Arcane Sanctum | 1 | 150 | / | 140 |
| Keep | 1 | 320 | / | 210 |
| Castle | 1 | 360 | / | 210 |
| total: | 58 | 3060g | / | 1670w |
| 0:01 | Peasant |
| 0:06 | Altar of Kings |
| 0:16 | Peasant |
| 0:17 | Farm |
| 0:19 | Peasant |
| 0:34 | Lumber Mill |
| 0:39 | Peasant |
| 0:44 | Farm |
| 0:48 | Peasant |
| 1:07 | Peasant |
| 1:17 | Scout Tower |
| 1:19 | Scout Tower |
| 1:21 | Peasant |
| 1:26 | Scout Tower |
| 1:35 | Scout Tower |
| 1:45 | Arcane Tower |
| 1:47 | Peasant |
| 1:50 | Scout Tower |
| 1:52 | Scout Tower |
| 1:58 | Peasant |
| 2:06 | Improved Masonry |
| 2:13 | Guard Tower |
| 2:31 | Guard Tower |
| 2:33 | Scout Tower |
| 2:35 | Scout Tower |
| 2:37 | Peasant |
| 2:38 | Peasant |
| 2:45 | Guard Tower |
| 2:54 | Blizzard |
| 3:04 | Guard Tower |
| 3:06 | Scout Tower |
| 3:07 | Scout Tower |
| 3:08 | Scout Tower |
| 3:34 | Guard Tower |
| 3:45 | Guard Tower |
| 3:48 | Scout Tower |
| 3:49 | Scout Tower |
| 3:49 | Scout Tower |
| 4:09 | Guard Tower |
| 4:17 | Guard Tower |
| 4:19 | Peasant |
| 4:36 | Guard Tower |
| 4:39 | Scout Tower |
| 4:39 | Scout Tower |
| 4:40 | Scout Tower |
| 4:44 | Scout Tower |
| 4:45 | Scout Tower |
| 4:46 | Scout Tower |
| 4:47 | Scout Tower |
| 4:48 | Scout Tower |
| 4:49 | Scout Tower |
| 4:50 | Peasant |
| 4:51 | Peasant |
| 5:06 | Peasant |
| 5:09 | Guard Tower |
| 5:38 | Guard Tower |
| 5:41 | Peasant |
| 5:44 | Farm |
| 5:52 | Scout Tower |
| 5:53 | Scout Tower |
| 5:54 | Scout Tower |
| 6:06 | Guard Tower |
| 6:11 | Guard Tower |
| 6:21 | Guard Tower |
| 6:24 | Peasant |
| 7:00 | Brilliance Aura |
| 7:08 | Scout Tower |
| 7:24 | Scout Tower |
| 7:27 | Guard Tower |
| 7:29 | Peasant |
| 7:55 | Guard Tower |
| 7:57 | Scout Tower |
| 7:59 | Scout Tower |
| 7:59 | Scout Tower |
| 8:01 | Scout Tower |
| 8:36 | Guard Tower |
| 8:55 | Staff of Teleportation |
| 8:55 | Boots of Speed |
| 8:58 | Guard Tower |
| 9:32 | Healing Salve |
| 9:54 | Town Hall |
| 10:11 | Keep |
| 10:54 | Scout Tower |
| 11:00 | Scout Tower |
| 11:00 | Scout Tower |
| 11:02 | Scout Tower |
| 11:03 | Scout Tower |
| 11:04 | Scout Tower |
| 11:07 | Scout Tower |
| 11:22 | Peasant |
| 11:43 | Staff of Sanctuary |
| 12:05 | Guard Tower |
| 12:34 | Guard Tower |
| 12:38 | Scout Tower |
| 12:40 | Scout Tower |
| 12:41 | Scout Tower |
| 12:41 | Scout Tower |
| 13:27 | Rain of Fire |
| 13:33 | Boots of Speed |
| 13:41 | Staff of Teleportation |
| 13:42 | Periapt of Vitality |
| 13:49 | Guard Tower |
| 13:52 | Scout Tower |
| 13:53 | Scout Tower |
| 13:53 | Scout Tower |
| 13:55 | Scout Tower |
| 13:56 | Scout Tower |
| 13:56 | Scout Tower |
| 14:09 | Peasant |
| 14:11 | Arcane Sanctum |
| 14:36 | Brilliance Aura |
| 15:03 | Guard Tower |
| 15:15 | Town Hall |
| 15:17 | Peasant |
| 15:17 | Peasant |
| 15:23 | Cleaving Attack |
| 15:27 | Guard Tower |
| 15:29 | Castle |
| 15:30 | Peasant |
| 15:30 | Peasant |
| 16:10 | Magic Sentry |
| 16:10 | Priest |
| 16:13 | Advanced Masonry |
| 16:13 | Improved Lumber Harvesting |
| 16:22 | Arcane Vault |
| 16:33 | Staff of Sanctuary |
| Right click | 776 |
| Select | 427 |
| Select group | 103 |
| Build/train/purchase | 98 |
| Assign group | 71 |
| Use ability | 28 |
| Chat | 7 |
| Misc. action | 6 |
| Remove unit | 3 |
| Minimap ping | 1 |
⇛
iggythefisk
(16:51) : 


| Lesser Clarity Potion | 1 | 70 |
| Staff of Sanctuary | 3 | 750 |
| Orb of Fire | 3 | 975 |
| Boots of Speed | 3 | 750 |
| Staff of Teleportation | 2 | 300 |
| Healing Salve | 3 | 300 |
| total: | 15 | 3145g |
| Peasant | 15 | 1125 | / | 0 |
| total: | 15 | 1125g | / | 0w |
| Scout Tower | 25 | 750 | / | 500 |
| Arcane Tower | 3 | 210 | / | 150 |
| Guard Tower | 11 | 770 | / | 550 |
| Altar of Kings | 1 | 180 | / | 50 |
| Farm | 4 | 320 | / | 80 |
| Lumber Mill | 1 | 120 | / | 0 |
| Arcane Vault | 2 | 260 | / | 60 |
| Arcane Sanctum | 1 | 150 | / | 140 |
| Keep | 1 | 320 | / | 210 |
| Castle | 1 | 360 | / | 210 |
| total: | 34 | 1780g | / | 830w |
| 0:10 | Peasant |
| 0:12 | Altar of Kings |
| 0:18 | Farm |
| 0:19 | Peasant |
| 0:28 | Peasant |
| 0:39 | Peasant |
| 0:45 | Lumber Mill |
| 0:52 | Peasant |
| 1:07 | Farm |
| 1:08 | Peasant |
| 1:20 | Scout Tower |
| 1:25 | Peasant |
| 1:29 | Peasant |
| 1:36 | Peasant |
| 1:37 | Peasant |
| 1:48 | Arcane Tower |
| 1:50 | Scout Tower |
| 2:04 | Scout Tower |
| 2:05 | Scout Tower |
| 2:06 | Peasant |
| 2:15 | Summon Water Elemental |
| 2:27 | Peasant |
| 2:31 | Peasant |
| 2:37 | Guard Tower |
| 2:52 | Guard Tower |
| 2:58 | Peasant |
| 3:09 | Scout Tower |
| 3:12 | Improved Masonry |
| 3:12 | Guard Tower |
| 3:46 | Scout Tower |
| 3:46 | Guard Tower |
| 4:06 | Keep |
| 4:16 | Guard Tower |
| 4:17 | Scout Tower |
| 4:17 | Scout Tower |
| 4:39 | Arcane Vault |
| 5:22 | Brilliance Aura |
| 5:48 | Guard Tower |
| 5:49 | Scout Tower |
| 5:50 | Scout Tower |
| 5:53 | Farm |
| 6:07 | Boots of Speed |
| 6:08 | Staff of Teleportation |
| 6:23 | Healing Salve |
| 6:23 | Lesser Clarity Potion |
| 6:28 | Healing Salve |
| 6:34 | Guard Tower |
| 6:42 | Advanced Masonry |
| 6:44 | Guard Tower |
| 6:46 | Scout Tower |
| 6:47 | Scout Tower |
| 6:50 | Arcane Sanctum |
| 7:29 | Storm Bolt |
| 8:13 | Guard Tower |
| 8:15 | Castle |
| 8:16 | Magic Sentry |
| 9:29 | Farm |
| 9:32 | Improved Lumber Harvesting |
| 10:15 | Scout Tower |
| 10:16 | Scout Tower |
| 10:41 | Summon Water Elemental |
| 11:02 | Arcane Tower |
| 11:10 | Staff of Sanctuary |
| 11:12 | Orb of Fire |
| 11:39 | Boots of Speed |
| 11:39 | Staff of Teleportation |
| 12:04 | Healing Salve |
| 12:09 | Peasant |
| 12:14 | Scout Tower |
| 12:15 | Scout Tower |
| 12:16 | Scout Tower |
| 12:17 | Imbued Masonry |
| 12:24 | Holy Light |
| 13:16 | Guard Tower |
| 13:17 | Scout Tower |
| 13:17 | Scout Tower |
| 13:21 | Bash |
| 13:28 | Boots of Speed |
| 14:10 | Guard Tower |
| 14:12 | Scout Tower |
| 14:13 | Scout Tower |
| 14:13 | Scout Tower |
| 14:51 | Arcane Vault |
| 15:33 | Divine Shield |
| 15:49 | Arcane Tower |
| 15:52 | Scout Tower |
| 15:53 | Scout Tower |
| 15:53 | Scout Tower |
| 16:01 | Staff of Sanctuary |
| 16:07 | Staff of Sanctuary |
| 16:13 | Orb of Fire |
| 16:17 | Orb of Fire |
| Right click | 1046 |
| Select group | 619 |
| Assign group | 449 |
| Select | 271 |
| Build/train/purchase | 125 |
| Chat | 107 |
| Use ability | 40 |
| Resource trade | 22 |
| Misc. action | 14 |
| Item give/drop | 10 |


| Healing Salve | 5 | 500 |
| Lesser Clarity Potion | 2 | 140 |
| Scroll of Speed | 2 | 100 |
| Orb of Lightning | 1 | 375 |
| Boots of Speed | 1 | 250 |
| Staff of Teleportation | 1 | 150 |
| total: | 12 | 1515g |
| Peon | 14 | 1050 | / | 0 |
| Troll Batrider | 6 | 960 | / | 240 |
| total: | 20 | 2010g | / | 240w |
| Watch Tower | 17 | 1870 | / | 1360 |
| Altar of Storms | 1 | 180 | / | 50 |
| Orc Burrow | 3 | 480 | / | 120 |
| War Mill | 1 | 205 | / | 0 |
| Voodoo Lounge | 3 | 390 | / | 90 |
| Great Hall | 1 | 385 | / | 185 |
| Beastiary | 4 | 580 | / | 560 |
| Stronghold | 1 | 315 | / | 190 |
| Fortress | 1 | 325 | / | 190 |
| total: | 30 | 4090g | / | 2365w |
| 0:02 | Peon |
| 0:02 | Peon |
| 0:05 | Altar of Storms |
| 0:19 | Orc Burrow |
| 0:34 | War Mill |
| 0:37 | Peon |
| 0:37 | Peon |
| 0:50 | Peon |
| 1:08 | Voodoo Lounge |
| 1:09 | Peon |
| 1:20 | Peon |
| 1:37 | Peon |
| 1:45 | Watch Tower |
| 1:51 | Peon |
| 2:06 | Orc Burrow |
| 2:08 | Wind Walk |
| 2:11 | Healing Salve |
| 2:17 | Peon |
| 2:35 | Watch Tower |
| 3:00 | Watch Tower |
| 3:02 | Peon |
| 3:02 | Peon |
| 3:21 | Watch Tower |
| 3:22 | Peon |
| 3:43 | Watch Tower |
| 4:08 | Boots of Speed |
| 4:09 | Staff of Teleportation |
| 4:30 | Watch Tower |
| 4:35 | Stronghold |
| 4:44 | Watch Tower |
| 4:47 | Lesser Clarity Potion |
| 4:52 | Scroll of Speed |
| 5:06 | Watch Tower |
| 5:38 | Watch Tower |
| 5:52 | Orc Burrow |
| 7:07 | Beastiary |
| 7:11 | Beastiary |
| 7:13 | Reinforced Defenses |
| 7:35 | Critical Strike |
| 7:39 | Watch Tower |
| 7:42 | Watch Tower |
| 7:44 | Peon |
| 7:53 | Beastiary |
| 7:56 | Hex |
| 8:43 | Troll Batrider |
| 8:50 | Healing Salve |
| 9:16 | Fortress |
| 9:40 | Troll Batrider |
| 9:42 | Steel Ranged Weapons |
| 10:19 | Troll Batrider |
| 10:20 | Healing Salve |
| 10:57 | Great Hall |
| 11:17 | Steel Armor |
| 11:47 | Liquid Fire |
| 12:20 | Watch Tower |
| 12:22 | Watch Tower |
| 12:42 | Healing Salve |
| 12:43 | Orb of Lightning |
| 13:01 | Beastiary |
| 13:28 | Watch Tower |
| 13:29 | Watch Tower |
| 13:34 | Spiked Barricades |
| 14:08 | Thorium Ranged Weapons |
| 14:18 | Wind Walk |
| 14:41 | Healing Wave |
| 14:57 | Troll Batrider |
| 15:00 | Watch Tower |
| 15:01 | Watch Tower |
| 15:21 | Troll Batrider |
| 15:38 | Scroll of Speed |
| 15:39 | Lesser Clarity Potion |
| 15:40 | Healing Salve |
| 15:51 | Voodoo Lounge |
| 15:52 | Voodoo Lounge |
| 16:14 | Thorium Armor |
| 16:37 | Troll Batrider |
| Right click | 1216 |
| Select group | 405 |
| Select | 275 |
| Build/train/purchase | 65 |
| Use ability | 60 |
| Misc. action | 49 |
| Chat | 18 |
| Assign group | 11 |
| Item give/drop | 5 |
| Minimap ping | 2 |



| Staff of Sanctuary | 2 | 500 |
| Boots of Speed | 1 | 250 |
| Staff of Teleportation | 2 | 300 |
| Circlet of Nobility | 1 | 175 |
| total: | 6 | 1225g |
| Peasant | 21 | 1575 | / | 0 |
| Dragonhawk Rider | 3 | 600 | / | 90 |
| Priest | 2 | 270 | / | 20 |
| total: | 26 | 2445g | / | 110w |
| Scout Tower | 46 | 1380 | / | 920 |
| Arcane Tower | 4 | 280 | / | 200 |
| Guard Tower | 24 | 1680 | / | 1200 |
| Altar of Kings | 1 | 180 | / | 50 |
| Farm | 5 | 400 | / | 100 |
| Lumber Mill | 2 | 240 | / | 0 |
| Town Hall | 2 | 770 | / | 410 |
| Arcane Vault | 3 | 390 | / | 90 |
| Blacksmith | 1 | 140 | / | 60 |
| Arcane Sanctum | 1 | 150 | / | 140 |
| Gryphon Aviary | 1 | 140 | / | 150 |
| Keep | 1 | 320 | / | 210 |
| Castle | 1 | 360 | / | 210 |
| total: | 62 | 3790g | / | 1920w |
| 0:05 | Peasant |
| 0:05 | Peasant |
| 0:07 | Altar of Kings |
| 0:11 | Farm |
| 0:27 | Peasant |
| 0:33 | Peasant |
| 0:47 | Peasant |
| 0:52 | Scout Tower |
| 0:56 | Peasant |
| 1:13 | Farm |
| 1:20 | Arcane Tower |
| 1:25 | Lumber Mill |
| 1:29 | Scout Tower |
| 1:31 | Peasant |
| 1:32 | Peasant |
| 1:57 | Scout Tower |
| 2:02 | Peasant |
| 2:02 | Peasant |
| 2:06 | Blizzard |
| 2:11 | Arcane Tower |
| 2:28 | Guard Tower |
| 2:30 | Scout Tower |
| 2:38 | Peasant |
| 2:38 | Peasant |
| 2:39 | Peasant |
| 2:40 | Improved Masonry |
| 3:16 | Guard Tower |
| 3:18 | Scout Tower |
| 3:19 | Scout Tower |
| 3:38 | Scout Tower |
| 3:40 | Scout Tower |
| 3:42 | Keep |
| 3:55 | Boots of Speed |
| 4:04 | Staff of Teleportation |
| 4:04 | Staff of Teleportation |
| 4:15 | Guard Tower |
| 4:18 | Guard Tower |
| 4:36 | Guard Tower |
| 4:37 | Guard Tower |
| 4:40 | Scout Tower |
| 5:20 | Guard Tower |
| 5:22 | Scout Tower |
| 5:23 | Scout Tower |
| 5:47 | Scout Tower |
| 5:48 | Scout Tower |
| 5:49 | Guard Tower |
| 6:00 | Farm |
| 6:21 | Castle |
| 6:45 | Brilliance Aura |
| 7:09 | Town Hall |
| 7:21 | Scout Tower |
| 7:35 | Scout Tower |
| 7:47 | Guard Tower |
| 7:50 | Guard Tower |
| 8:01 | Guard Tower |
| 8:10 | Storm Bolt |
| 8:14 | Arcane Tower |
| 8:16 | Scout Tower |
| 8:17 | Scout Tower |
| 8:42 | Arcane Sanctum |
| 8:46 | Guard Tower |
| 8:47 | Peasant |
| 8:48 | Peasant |
| 8:48 | Peasant |
| 8:54 | Scout Tower |
| 8:58 | Arcane Vault |
| 8:59 | Arcane Vault |
| 9:01 | Arcane Vault |
| 9:06 | Scout Tower |
| 9:07 | Scout Tower |
| 9:21 | Peasant |
| 9:21 | Peasant |
| 9:48 | Guard Tower |
| 9:49 | Guard Tower |
| 10:06 | Magic Sentry |
| 10:08 | Guard Tower |
| 10:11 | Guard Tower |
| 10:13 | Scout Tower |
| 10:14 | Scout Tower |
| 10:16 | Scout Tower |
| 10:17 | Scout Tower |
| 10:18 | Scout Tower |
| 10:18 | Scout Tower |
| 10:31 | Staff of Sanctuary |
| 10:43 | Guard Tower |
| 10:45 | Peasant |
| 10:45 | Peasant |
| 10:51 | Improved Lumber Harvesting |
| 10:54 | Gryphon Aviary |
| 11:46 | Staff of Sanctuary |
| 12:01 | Holy Light |
| 12:05 | Guard Tower |
| 12:07 | Scout Tower |
| 12:07 | Scout Tower |
| 12:08 | Scout Tower |
| 12:09 | Scout Tower |
| 12:09 | Scout Tower |
| 12:10 | Scout Tower |
| 12:14 | Farm |
| 12:15 | Farm |
| 12:19 | Blacksmith |
| 12:31 | Lumber Mill |
| 12:40 | Advanced Lumber Harvesting |
| 13:09 | Blizzard |
| 13:20 | Scout Tower |
| 13:21 | Scout Tower |
| 13:23 | Scout Tower |
| 13:28 | Arcane Tower |
| 13:29 | Guard Tower |
| 13:41 | Peasant |
| 13:45 | Dragonhawk Rider |
| 13:45 | Dragonhawk Rider |
| 13:45 | Dragonhawk Rider |
| 13:56 | Guard Tower |
| 14:15 | Circlet of Nobility |
| 14:28 | Advanced Masonry |
| 14:30 | Studded Leather Armor |
| 15:18 | Priest |
| 15:19 | Priest Adept Training |
| 15:20 | Priest Master Training |
| 15:33 | Priest |
| 15:36 | Guard Tower |
| 15:45 | Guard Tower |
| 15:49 | Scout Tower |
| 15:50 | Scout Tower |
| 15:50 | Scout Tower |
| 15:53 | Scout Tower |
| 15:53 | Scout Tower |
| 15:54 | Scout Tower |
| 15:54 | Scout Tower |
| 16:04 | Town Hall |
| 16:11 | Scout Tower |
| 16:11 | Scout Tower |
| 16:12 | Scout Tower |
| 16:13 | Scout Tower |
| 16:33 | Bash |
| 16:43 | Divine Shield |
| Right click | 986 |
| Select group | 551 |
| Select | 213 |
| Build/train/purchase | 116 |
| Use ability | 46 |
| Misc. action | 40 |
| Chat | 24 |
| Assign group | 13 |
| Minimap ping | 9 |
| Esc | 6 |
| Item give/drop | 1 |